 Dungeon Crawl Stone Soup version bcrawl-1.14 (webtiles) character file.

Game seed: 2563341192351263655

65 Revguard the Ducker (level 3, -4/26 HPs)
             Began as a Demonspawn Archaeologist on Sept 9, 2019.
             Killed from afar by an orc wizard (5 damage)
             ... with a magic dart
             ... on level 2 of the Dungeon.
             The game lasted 00:04:22 (1364 turns).

Revguard the Ducker (Demonspawn Archaeologist)      Turns: 1364, Time: 00:04:22

Health: -4/26      AC:  9    Str: 11    XL:     3   Next: 94%
Magic:  3/3        EV: 14    Int: 15    God:
Gold:   85         SH:  0    Dex: 12    Spells: 2/2 levels left

rFire    . . .     SeeInvis .   m - +0 short sword (drain)
rCold    . . .     Gourm    .   (no shield)
rNeg     . . .     Faith    .   b - +1 robe
rPois    .         Spirit   .   c - +1 hat
rElec    .         Reflect  .   (no cloak)
rCorr    .         Harm     .   h - +0 pair of gloves
MR       .....                  d - +1 pair of boots
Stlth    ++........             (no amulet)
HPRegen  0.08/turn              (no ring)
MPRegen  0.08/turn              (no ring)

@: studying Dodging
A: slimy green scales 1
a: no special abilities


You were on level 2 of the Dungeon.
You were hungry.

You visited 1 branch of the dungeon, and saw 2 of its levels.

You collected 85 gold pieces.

Inventory:

Hand Weapons
 a - a +0 whip
 m - a +0 short sword of draining (weapon)
Missiles
 i - 93 needles of frenzy
Armour
 b - a +1 robe (worn)
 c - a +1 hat (worn)
 d - a +1 pair of boots (worn)
 h - a +0 pair of gloves (worn)
Scrolls
 l - a scroll of enchant armour {unknown}
Books
 e - a manual of Dodging
Miscellaneous
 f - an ancient crate
Comestibles
 g - 2 rations {!d}
 k - 5 chunks of flesh


   Skills:
 * Level 1.5 Fighting
 + Level 0.3 Short Blades
 + Level 1.5 Maces & Flails
 * Level 4.2 Dodging
 - Level 3.0 Stealth


You had 2 spell levels left.
You didn't know any spells.
Your spell library was empty.

Dungeon Overview and Level Annotations

Branches:
Dungeon (2/12)

Altars:


Innate Abilities, Weirdness & Mutations

You are partially covered in slimy green scales. (AC +2)


Message History

Things that are here:
a +0 dagger; a +0 robe; an orc corpse You hear some strange, mumbled words.
A puff of flame appears from out of thin air!
The puff of flame hits you!
* * * LOW HITPOINT WARNING * * *
You hear some strange, mumbled words.
A puff of flame appears from out of thin air!
The puff of flame hits you!
* * * LOW HITPOINT WARNING * * *
Things that are here:
a +0 dagger; a +0 robe; an orc corpse You aren't carrying any potions.
You closely miss something. You barely miss something.
Something hits you but does no damage.
You barely miss something.
You hear some strange, mumbled words.
A magic dart appears from out of thin air!
The magic dart hits you!
You die...

#........(#
#......<$.##
#.....?....######
#..........##...#
#..........##...#
#.....%...!#....#
##..........)....#
............##...#
.#..........####@#
.#.>........# #.#
..........(.# #..#
#####(....### ##.#
..# #..##!# ..
#......##.# ###
##.##.##.# #...
##.


There were no monsters in sight!

Vanquished Creatures
  An orc wizard (D:2)
  3 worms
  A leopard gecko (D:2)
  2 orcs (D:2)
  A ball python (D:2)
  A bat (D:1)
  2 goblins
  8 hobgoblins
  2 jackals (D:1)
  2 kobolds (D:1)
  A frilled lizard (D:2)
  3 rats (D:1)
27 creatures vanquished.

Notes
Turn   | Place    | Note
-------+----------+-------------------------------------------
     0 | D:1      | Revguard the Demonspawn Archaeologist began the quest for
                  | the Orb.
     0 | D:1      | Reached XP level 1. HP: 15/15 MP: 1/1
   236 | D:1      | Reached skill level 3 in Dodging
   290 | D:1      | Gained mutation: You are partially covered in slimy green
                  | scales. (AC +2) [demonic ancestry]
   290 | D:1      | Reached XP level 2. HP: 21/21 MP: 2/2
   432 | D:1      | Reached skill level 1 in Maces & Flails
  1216 | D:2      | Reached XP level 3. HP: 21/26 MP: 3/3
  1358 | D:2      | Reached skill level 4 in Dodging
  1361 | D:2      | HP: 1/26 [something/puff of flame (2)]
  1364 | D:2      | Killed from afar by an orc wizard

Skill      XL: |  1  2  3 |
---------------+----------+-----
Dodging        | 3 4 |  4.2
Maces & Flails | 1 |  1.5
Fighting       | |  1.5
Short Blades   | |  0.3
Stealth        | |  3.0

Action                   || total
-------------------------++-------
Melee: Whip              ||    66
       Short sword       ||   106
  Use: Scroll            ||     2
       Potion            ||     2
 Stab: Sleeping          ||     1
  Eat: Chunk             ||     1
Armor: Robe              ||    65
Dodge: Dodged            ||   107
